[Event "Titled Tuesday Blitz January 17 Early 2023"]
[White "Papasimakopoulos, Alexandros"]
[Black "Kukula, Pawel"]
[WhiteFideId "4244125"]
[BlackFideId "1115081"]
[WhiteElo "2401"]
[BlackElo "2135"]
[Result "1-0"]
[Round "08"]
[TimeControl "180+2"]
[Date "2023.01.17"]
[WhiteClock "0:00:12"]
[BlackClock "0:00:01"]

1. d4 Nf6 2. c4 g6 3. Nc3 Bg7 4. Bg5 O-O 5. e3 c5 6. d5 d6 7. Bd3 e6 8. h3 Qa5 9. Qd2 h6 10. Bh4 e5 11. f4 exf4 12. exf4 a6 13. Nf3 b5 14. O-O bxc4 15. Bxc4 Nbd7 16. Rfe1 Nb6 17. Bf1 Bb7 18. f5 g5 19. Bg3 Rad8 20. Nxg5 hxg5 21. Qxg5 Nh7 22. Qg4 Qb4 23. Ne4 Nxd5 24. Bxd6 Qd4+ 25. Kh1 Nhf6 26. Nxf6+ Nxf6 27. Qxd4 cxd4 28. Bxf8 Kxf8 29. Rad1 Nh5 30. Kg1 Bh6 31. g4 Nf6 32. Bg2 Bxg2 33. Kxg2 Nd5 34. Kf3 Ne3 35. Rd3 Rb8 36. Re2 Nc4 37. b3 Nb6 38. Rxd4 Bg7 39. Rb4 1-0


[Site "https://www.chess.com"]

[Event "Titled Tuesday Blitz January 17 Early 2023"]
[White "Manukian, Artak"]
[Black "Csonka, Balazs"]
[WhiteFideId "13301373"]
[BlackFideId "742910"]
[WhiteElo "2196"]
[BlackElo "2496"]
[Result "0-1"]
[Round "08"]
[TimeControl "180+2"]
[Date "2023.01.17"]
[WhiteClock "0:00:12"]
[BlackClock "0:00:02"]

1. e4 Nf6 2. Nc3 d5 3. exd5 Nxd5 4. Bc4 Nxc3 5. Qf3 e6 6. dxc3 Nd7 7. Bf4 Bd6 8. O-O-O Bxf4+ 9. Qxf4 O-O 10. Nf3 c6 11. h4 Qf6 12. Qg3 a5 13. h5 h6 14. Rh4 Kh8 15. Qc7 a4 16. a3 b5 17. Be2 e5 18. Re4 Qe6 19. Kb1 f5 20. Re3 e4 21. Nh4 Kg8 22. Ng6 Rf7 23. Nf4 Qe5 24. Qxe5 Nxe5 25. Rd8+ Rf8 26. Rxf8+ Kxf8 27. f3 Bb7 28. fxe4 fxe4 29. Rxe4 Nf7 30. Ng6+ Kg8 31. Bf3 Rd8 32. Re7 Ba8 33. Kc1 Ng5 34. Rc7 Nxf3 35. gxf3 c5 36. c4 Bxf3 37. Rxc5 Rd1# 0-1


[Site "https://www.chess.com"]

[Event "Titled Tuesday Blitz January 17 Early 2023"]
[White "Erzhanov, Arman"]
[Black "Belozerov, Andrei"]
[WhiteFideId "4138821"]
[BlackFideId "4120213"]
[WhiteElo "2228"]
[BlackElo "2461"]
[Result "1-0"]
[Round "08"]
[TimeControl "180+2"]
[Date "2023.01.17"]
[WhiteClock "0:00:21"]
[BlackClock "0:00:05"]

1. e4 c5 2. Nf3 Nc6 3. Bb5 g6 4. O-O Bg7 5. c3 Nf6 6. Qa4 O-O 7. d4 d5 8. e5 Ne4 9. Bxc6 bxc6 10. Qxc6 Be6 11. Ng5 Qd7 12. Qxd7 Bxd7 13. Nxe4 dxe4 14. Nd2 cxd4 15. cxd4 Bb5 16. Re1 Rfd8 17. Nb3 f6 18. exf6 exf6 19. Rxe4 f5 20. Re1 Bc4 21. Na5 Bd5 22. Be3 Rac8 23. b3 Rc2 24. Rec1 Rdc8 25. Nc4 Rxc1+ 26. Rxc1 h6 27. Ne5 Rxc1+ 28. Bxc1 Bxe5 29. dxe5 h5 30. f3 Kf7 31. Kf2 Ke6 32. Bf4 Bc6 33. h4 Kd5 34. Ke3 Bb5 35. Bh2 Bf1 36. Kf2 Bd3 37. Ke3 Bf1 38. Kf2 Bd3 39. Bf4 Bb1 40. a3 Ba2 41. b4 Bb3 42. Ke3 a6 43. Bh2 Ba4 44. Kf4 Ke6 45. Kg5 Kf7 46. e6+ Kxe6 47. Kxg6 Bb5 48. Kxh5 Bf1 49. g4 Be2 50. Kg5 Bxf3 51. gxf5+ Kf7 52. h5 Bd1 53. h6 Bc2 54. Be5 Kg8 55. Kg6 a5 56. h7+ Kf8 57. h8=Q+ 1-0


[Site "https://www.chess.com"]

[Event "Titled Tuesday Blitz January 17 Early 2023"]
[White "Gurevich, Dmitry"]
[Black "Liyanage, Ranindu Dilshan"]
[WhiteFideId "2000407"]
[BlackFideId "9915834"]
[WhiteElo "2393"]
[BlackElo "2342"]
[Result "0-1"]
[Round "08"]
[TimeControl "180+2"]
[Date "2023.01.17"]
[WhiteClock "0:00:15"]
[BlackClock "0:00:17"]

1. d4 Nf6 2. c4 e6 3. Nc3 Bb4 4. a3 Bxc3+ 5. bxc3 O-O 6. e3 d5 7. cxd5 exd5 8. Bd3 c5 9. Ne2 Nc6 10. O-O c4 11. Bb1 Re8 12. f3 Qa5 13. a4 b5 14. Qc2 b4 15. cxb4 Nxb4 16. Qc3 Rb8 17. Ng3 Nc6 18. Qa3 Rb3 19. Qc5 Qc3 20. Ra3 Rxa3 21. Qxa3 Qxa3 22. Bxa3 Rxe3 23. Bc5 g6 24. Kf2 Rb3 25. Re1 c3 26. Bc2 Rb2 27. Rc1 Na5 28. Ke3 Ba6 29. Kf4 h6 30. Bxa7 Nd7 31. h4 Nf8 32. Ke5 Nc6+ 33. Kxd5 Nxa7 34. Ne4 Kg7 35. Nxc3 Ne6 36. Ne4 Nf4+ 37. Kd6 Ne2 38. Rb1 Rxc2 39. Nc5 Bc8 40. Rb8 Nxd4 41. Ra8 Ne6 42. Nxe6+ Bxe6 43. Rxa7 Rxg2 44. a5 Rf2 45. a6 Rxf3 0-1


[Site "https://www.chess.com"]

[Event "Titled Tuesday Blitz January 17 Early 2023"]
[White "Papayan, Oleg"]
[Black "Shuvalova, Polina"]
[WhiteFideId "4193911"]
[BlackFideId "24171760"]
[WhiteElo "2253"]
[BlackElo "2484"]
[Result "1/2-1/2"]
[Round "08"]
[TimeControl "180+2"]
[Date "2023.01.17"]
[WhiteClock "0:02:08"]
[BlackClock "0:01:49"]

1. e4 c6 2. d4 d5 3. Nc3 dxe4 4. Nxe4 Nf6 5. Nxf6+ exf6 6. Bc4 Bd6 7. Ne2 O-O 8. O-O Nd7 9. Ng3 g6 10. Bh6 Re8 11. c3 Nb6 12. Bb3 Be6 13. Re1 Bxb3 14. axb3 f5 15. Qd2 Bf8 16. Rxe8 Qxe8 17. Nxf5 1/2-1/2


[Site "https://www.chess.com"]

[Event "Titled Tuesday Blitz January 17 Early 2023"]
[White "Yelisieiev, Yevhenii"]
[Black "Remizov, Yaroslav"]
[WhiteFideId "14139642"]
[BlackFideId "34134015"]
[WhiteElo "2418"]
[BlackElo "2421"]
[Result "1/2-1/2"]
[Round "08"]
[TimeControl "180+2"]
[Date "2023.01.17"]
[WhiteClock "0:00:02"]
[BlackClock "0:00:08"]

1. d4 d5 2. Nf3 Nf6 3. c4 e6 4. Nc3 c6 5. e3 Nbd7 6. Qc2 Bd6 7. Bd3 dxc4 8. Bxc4 b5 9. Be2 Bb7 10. e4 e5 11. d5 cxd5 12. Nxb5 Bb4+ 13. Bd2 Bxd2+ 14. Nxd2 O-O 15. Nd6 Qb6 16. Nxb7 Qxb7 17. exd5 Nxd5 18. O-O Rac8 19. Nc4 N7b6 20. b3 Nxc4 21. bxc4 Nf4 22. Bf3 Qc7 23. Rac1 Qc5 24. Qf5 g6 25. Qf6 Rfd8 26. Rc2 Rd6 27. Qe7 Rc7 28. Qe8+ Kg7 29. g3 Ne6 30. Bd5 Rd8 31. Qa4 Rxd5 32. cxd5 Qxc2 33. Qxc2 Rxc2 34. dxe6 fxe6 35. Ra1 Kf6 36. a4 h5 37. h4 a5 38. Ra3 e4 39. Re3 Rc4 40. Ra3 Kf5 41. Ra2 Rc3 42. Kf1 e3 43. f3 Ke5 44. Ke2 Kd4 45. Ra1 Kc4 46. Rb1 Ra3 47. Rb6 Rxa4 48. Rxe6 Kd4 49. Rd6+ Kc3 50. Rxg6 Rb4 51. Kxe3 a4 52. g4 hxg4 53. fxg4 a3 54. Ra6 Kb3 55. Rxa3+ Kxa3 56. Kf3 Rb1 57. h5 Kb4 58. g5 Rh1 59. Kg4 Kc5 60. h6 Kd6 61. Kf5 Ke7 62. Kg6 Kf8 63. Kh7 Rg1 64. g6 Rg2 65. g7+ Kf7 66. Kh8 Rg5 67. h7 Rxg7 1/2-1/2


[Site "https://www.chess.com"]

[Event "Titled Tuesday Blitz January 17 Early 2023"]
[White "Baskakov, Egor"]
[Black "Ginzburg, Yakov"]
[WhiteFideId "24197866"]
[BlackFideId "4157176"]
[WhiteElo "2215"]
[BlackElo "2405"]
[Result "1-0"]
[Round "08"]
[TimeControl "180+2"]
[Date "2023.01.17"]
[WhiteClock "0:00:16"]
[BlackClock "0:00:02"]

1. e4 c5 2. Nf3 e6 3. Be2 d5 4. exd5 exd5 5. O-O Nf6 6. d4 Be7 7. Nc3 O-O 8. Re1 Nc6 9. Bg5 Ne4 10. Bxe7 Nxe7 11. Bd3 Nxc3 12. bxc3 Bf5 13. Rxe7 Bxd3 14. Rxb7 Ba6 15. Rbb1 Re8 16. Qd2 Re2 17. Qf4 Rxc2 18. Rc1 Rb2 19. dxc5 Qe7 20. Qd4 h6 21. Re1 Qb7 22. Nh4 g6 23. Nf3 Rb8 24. Ne5 Re2 25. Ng4 Qe7 26. Rf1 Re6 27. Rfd1 Kh7 28. Ne3 Bb7 29. Rab1 Bc6 30. Rxb8 Be8 31. h3 h5 32. Nxd5 Re1+ 33. Rxe1 Qxe1+ 34. Kh2 h4 35. Rxe8 Qxe8 36. Nf6+ 1-0


[Site "https://www.chess.com"]

[Event "Titled Tuesday Blitz January 17 Early 2023"]
[White "Samunenkov, Ihor"]
[Black "Golubev, Mikhail"]
[WhiteFideId "14187086"]
[BlackFideId "14100983"]
[WhiteElo "2501"]
[BlackElo "2461"]
[Result "1-0"]
[Round "08"]
[TimeControl "180+2"]
[Date "2023.01.17"]
[WhiteClock "0:01:16"]
[BlackClock "0:00:02"]

1. e4 c5 2. Nf3 d6 3. d4 cxd4 4. Nxd4 Nf6 5. Nc3 g6 6. Be3 Bg7 7. f3 O-O 8. Bc4 Nc6 9. Qd2 Nxd4 10. Bxd4 Be6 11. Bb3 Qa5 12. O-O-O b5 13. Kb1 b4 14. Nd5 Bxd5 15. exd5 Qb5 16. Qd3 Qxd3 17. Rxd3 a5 18. Ba4 Rfc8 19. Re1 Rab8 20. Rxe7 Nxd5 21. Ra7 Nc3+ 22. bxc3 bxc3+ 23. Bb3 Re8 24. Bxc3 1-0


[Site "https://www.chess.com"]

[Event "Titled Tuesday Blitz January 17 Early 2023"]
[White "Renjith, Sravan"]
[Black "Harsha Bharathakoti"]
[WhiteFideId "4306783"]
[BlackFideId "5078776"]
[WhiteElo "2172"]
[BlackElo "2602"]
[Result "0-1"]
[Round "08"]
[TimeControl "180+2"]
[Date "2023.01.17"]
[WhiteClock "0:00:02"]
[BlackClock "0:00:09"]

1. d4 Nf6 2. c4 g6 3. Nf3 Bg7 4. g3 O-O 5. Bg2 d6 6. O-O Nc6 7. Nc3 e5 8. dxe5 dxe5 9. Qxd8 Rxd8 10. Bg5 h6 11. Bxf6 Bxf6 12. Nd5 Bg7 13. Nxc7 Rb8 14. Rad1 e4 15. Rxd8+ Nxd8 16. Nd2 f5 17. b3 Nc6 18. Nd5 Be6 19. Rd1 b5 20. Nc7 Bf7 21. Nxb5 Rd8 22. Kf1 a6 23. Na3 Nb4 24. Ke1 Nxa2 25. Ndb1 Rb8 26. Rd6 Rxb3 27. Rxa6 Nc3 28. Nd2 Rb2 29. c5 Ra2 30. c6 Ra1+ 31. Ndb1 Nxb1 32. c7 Bc3+ 33. Kd1 Nxa3# 0-1


[Site "https://www.chess.com"]

[Event "Titled Tuesday Blitz January 17 Early 2023"]
[White "Shipov, Sergei"]
[Black "Kamalidenova, Meruert"]
[WhiteFideId "4113624"]
[BlackFideId "13712802"]
[WhiteElo "2541"]
[BlackElo "2350"]
[Result "0-1"]
[Round "08"]
[TimeControl "180+2"]
[Date "2023.01.17"]
[WhiteClock "0:00:05"]
[BlackClock "0:00:07"]

1. d4 Nf6 2. c4 g6 3. Nc3 Bg7 4. e4 d6 5. Be2 O-O 6. Nf3 e5 7. Be3 Ng4 8. Bg5 f6 9. Bh4 g5 10. Bg3 Nc6 11. d5 Ne7 12. Nxg5 fxg5 13. Bxg4 Bxg4 14. Qxg4 Ng6 15. h4 gxh4 16. Bxh4 Qe8 17. Bg3 a6 18. Qh5 h6 19. f3 b5 20. cxb5 axb5 21. O-O b4 22. Ne2 Nf4 23. Qxe8 Nxe2+ 24. Kf2 Rfxe8 25. Kxe2 Bf6 26. Rfc1 Ra7 27. Bf2 Rb7 28. b3 Bg5 29. Rc4 Ra8 30. Be1 Rba7 31. Rc2 Rb7 32. Rb1 Kg7 33. Rbb2 Kg6 34. Rc4 Rba7 35. Rcc2 Rb7 36. Kd3 h5 37. Kc4 Rab8 38. Re2 h4 39. Rbc2 Kf6 40. Bf2 Ke7 41. Re1 h3 42. gxh3 Rf8 43. h4 Bh6 44. Rg1 Rxf3 45. Rg6 Bf4 46. Rg8 Rh3 47. Ra8 Be3 48. Be1 Bc5 49. Re2 Kd7 50. Ra4 Rh1 51. Ra5 Bd4 52. Rb5 Ra7 53. Rxb4 Bc5 54. Ra4 Rb7 55. b4 Bd4 56. Ra8 c6 57. dxc6+ Kxc6 58. a4 Kd7 59. b5 Rc7+ 60. Kb3 Rh3+ 61. Ka2 Rc1 62. Rb2 Bxb2 63. Kxb2 Rxe1 64. a5 Re2+ 0-1


[Site "https://www.chess.com"]

[Event "Titled Tuesday Blitz January 17 Early 2023"]
[White "Bagwe Gaurang"]
[Black "Krivonosov, Oleg"]
[WhiteFideId "45039895"]
[BlackFideId "11600349"]
[WhiteElo "2067"]
[BlackElo "2359"]
[Result "0-1"]
[Round "08"]
[TimeControl "180+2"]
[Date "2023.01.17"]
[WhiteClock "0:00:02"]
[BlackClock "0:00:56"]

1. e4 e5 2. Nf3 Nc6 3. Bb5 Nf6 4. O-O Nxe4 5. Re1 Nd6 6. Nxe5 Nxe5 7. Rxe5+ Be7 8. Bf1 O-O 9. d4 Bf6 10. Re1 Re8 11. c3 Rxe1 12. Qxe1 Qe7 13. Qxe7 Bxe7 14. Bf4 b6 15. Nd2 Bb7 16. Re1 Kf8 17. Bd3 h6 18. Be5 Ne8 19. a4 d6 20. Bg3 a5 21. h4 Nf6 22. f3 Nh5 23. Bf2 Nf4 24. Bb5 c6 25. Bf1 d5 26. g3 Nh5 27. g4 Nf4 28. Bg3 Ne6 29. f4 Bd6 30. g5 hxg5 31. hxg5 Bxf4 32. Bxf4 Nxf4 33. Kf2 Re8 34. Rxe8+ Kxe8 35. Kg3 Ne6 36. Nf3 f6 37. Bh3 Nxg5 38. Nxg5 fxg5 39. b4 Ba6 40. Be6 Ke7 41. Bf5 Be2 42. Bc8 Bd1 43. Bb7 Bxa4 44. Kg4 Kf6 45. Ba8 Bb5 0-1


[Site "https://www.chess.com"]

[Event "Titled Tuesday Blitz January 17 Early 2023"]
[White "Melian, Juan Sebastian"]
[Black "Lagno, Kateryna"]
[WhiteFideId "3706575"]
[BlackFideId "14109336"]
[WhiteElo "2293"]
[BlackElo "2558"]
[Result "1-0"]
[Round "08"]
[TimeControl "180+2"]
[Date "2023.01.17"]
[WhiteClock "0:00:13"]
[BlackClock "0:00:52"]

1. d4 Nf6 2. c4 g6 3. Nc3 d5 4. e3 Bg7 5. Qb3 dxc4 6. Bxc4 O-O 7. Nf3 c5 8. O-O Nc6 9. dxc5 Na5 10. Qb4 Nxc4 11. Qxc4 Be6 12. Qb4 Qc7 13. e4 Nd7 14. Be3 Bg4 15. Nd5 Qd8 16. Nd2 e6 17. Nc3 Ne5 18. h3 Be2 19. Nxe2 a5 20. Qa3 f5 21. exf5 exf5 22. Nf4 Qf6 23. Qb3+ Rf7 24. Qe6 Qh4 25. g3 Qd8 26. Nc4 Nxc4 27. Qxc4 Qf6 28. Rad1 Re8 29. Rd7 Re4 30. Qxf7+ Qxf7 31. Rxf7 Kxf7 32. b3 g5 33. Ne2 Be5 34. Nc1 f4 35. gxf4 gxf4 36. Bd2 f3 37. Re1 Rxe1+ 38. Bxe1 Bc7 39. Nd3 Ke6 40. Bc3 Kd5 41. Kf1 Ke4 42. Ne1 h5 43. a3 Bd8 44. b4 a4 45. Bd2 Bf6 46. b5 Kd5 47. Bb4 Ke4 48. c6 bxc6 49. bxc6 Be5 50. Ba5 1-0


[Site "https://www.chess.com"]

[Event "Titled Tuesday Blitz January 17 Early 2023"]
[White "Schekachikhin, Maksim"]
[Black "Tanenbaum, Zachary"]
[WhiteFideId "24177830"]
[BlackFideId "2060850"]
[WhiteElo "2371"]
[BlackElo "2261"]
[Result "0-1"]
[Round "08"]
[TimeControl "180+2"]
[Date "2023.01.17"]
[WhiteClock "0:00:05"]
[BlackClock "0:00:08"]

1. b3 e5 2. Bb2 Nc6 3. c4 Nf6 4. Nf3 e4 5. Nd4 Bc5 6. Nf5 O-O 7. e3 d5 8. cxd5 Nb4 9. Ng3 Bg4 10. Qc1 Qxd5 11. Bxf6 gxf6 12. Nc3 Nd3+ 13. Bxd3 Qxd3 14. Ncxe4 Be7 15. Qc4 Qd7 16. O-O Be6 17. Qc3 Qd8 18. d4 f5 19. Nc5 Bd5 20. Nxf5 Bd6 21. Nxd6 cxd6 22. Nd3 Rc8 23. Qd2 Kh8 24. Nf4 Be4 25. Rac1 Rg8 26. f3 Rxc1 27. Rxc1 Bxf3 28. d5 Qf6 29. Qd4 Qe5 30. Kf2 Be4 31. Rc7 f6 32. g3 a6 33. h4 b5 34. a4 bxa4 35. bxa4 Rb8 36. Qa7 Rb2+ 37. Ne2 Qf5+ 38. Ke1 Rb1+ 39. Kd2 Rb2+ 40. Kc1 Rb1+ 41. Kd2 Qxd5+ 42. Nd4 Qa2+ 43. Nc2 Qd5+ 44. Nd4 Qa5+ 45. Rc3 Rb2+ 46. Nc2 Rxc2+ 0-1


[Site "https://www.chess.com"]

[Event "Titled Tuesday Blitz January 17 Early 2023"]
[White "Wagner, Dennis"]
[Black "Goldin, Alexander"]
[WhiteFideId "24650684"]
[BlackFideId "2019540"]
[WhiteElo "2595"]
[BlackElo "2542"]
[Result "1-0"]
[Round "08"]
[TimeControl "180+2"]
[Date "2023.01.17"]
[WhiteClock "0:00:55"]
[BlackClock "0:00:09"]

1. d4 d5 2. c4 e6 3. Nf3 Nf6 4. g3 Bb4+ 5. Bd2 Bd6 6. Bg2 c6 7. O-O Nbd7 8. Bc3 Ne4 9. Nfd2 f5 10. Nxe4 fxe4 11. f3 exf3 12. exf3 O-O 13. f4 dxc4 14. Nd2 Nb6 15. Qe2 Bd7 16. Nxc4 Nxc4 17. Qxc4 Qf6 18. Rae1 Rae8 19. Qb3 Bc8 20. d5 Qf7 21. dxc6 bxc6 22. Bxc6 Bc5+ 23. Kh1 Ba6 24. Rf3 Rc8 25. Be4 Bb6 26. f5 Bc4 27. Qc2 Kh8 28. f6 g6 29. Qd2 Kg8 30. Qh6 e5 31. h4 Rfe8 32. h5 gxh5 33. Rf5 Kh8 34. Rxh5 Bd5 35. Qxh7+ Qxh7 36. Rxh7+ Kg8 37. Rg7+ Kf8 38. Bxd5 1-0


[Site "https://www.chess.com"]

[Event "Titled Tuesday Blitz January 17 Early 2023"]
[White "Cella, Glaucio Dalla Cortt"]
[Black "Hambleton, Aman"]
[WhiteFideId "2119455"]
[BlackFideId "2606577"]
[WhiteElo "1894"]
[BlackElo "2420"]
[Result "0-1"]
[Round "08"]
[TimeControl "180+2"]
[Date "2023.01.17"]
[WhiteClock "0:00:08"]
[BlackClock "0:00:03"]

1. e4 b6 2. Nf3 Bb7 3. Bc4 e6 4. d3 d5 5. exd5 Bxd5 6. Bxd5 Qxd5 7. Nc3 Bb4 8. Bd2 Qh5 9. Qe2 Nf6 10. Qe5 Qxe5+ 11. Nxe5 Bxc3 12. Bxc3 Nd5 13. Bd2 Nd7 14. Nxd7 Kxd7 15. c4 Ne7 16. Ke2 e5 17. Bc3 Rhe8 18. Rhd1 c5 19. a3 Nc6 20. b4 a6 21. Ra2 f6 22. Kf1 Kc7 23. bxc5 bxc5 24. Rb2 Rab8 25. Rdb1 Rxb2 26. Rxb2 h5 27. Ke2 f5 28. Ke3 g5 29. f3 g4 30. a4 Rg8 31. f4 exf4+ 32. Kxf4 Rd8 33. Rd2 Rf8 34. g3 Kd6 35. Rb2 Kc7 36. Rd2 Rf7 37. d4 cxd4 38. Bxd4 Na5 39. Be5+ Kb7 40. c5 Nc4 41. Rc2 Na5 42. Rd2 Kc6 43. Bd6 Nc4 44. Rd1 Nb2 45. Rd2 Nxa4 46. Kg5 Nc3 47. Kxh5 Ne4 48. Rd1 a5 49. Ra1 Ra7 50. Kg6 a4 51. Kxf5 Nd2 52. Kxg4 a3 53. Ra2 Nc4 54. Kf5 Rb7 55. g4 Rb2 56. Ra1 a2 57. g5 Rf2+ 58. Kg4 Rg2+ 59. Bg3 Ne3+ 60. Kf3 Nc2 61. Kxg2 Nxa1 62. Be5 Nb3 63. g6 Nxc5 64. Bf6 Ne4 65. g7 Nxf6 66. Kg3 Ng8 67. Kf4 a1=Q 68. Kg5 Qxg7+ 69. Kh4 Qh6+ 0-1


[Site "https://www.chess.com"]

[Event "Titled Tuesday Blitz January 17 Early 2023"]
[White "Turzo, Attila"]
[Black "Tan, Zhongyi"]
[WhiteFideId "704954"]
[BlackFideId "8603642"]
[WhiteElo "2279"]
[BlackElo "2517"]
[Result "0-1"]
[Round "08"]
[TimeControl "180+2"]
[Date "2023.01.17"]
[WhiteClock "0:00:12"]
[BlackClock "0:00:10"]

1. d4 Nf6 2. Bf4 d5 3. e3 Bg4 4. Nf3 e6 5. h3 Bxf3 6. Qxf3 Bd6 7. Bd3 O-O 8. O-O c5 9. Nd2 Bxf4 10. Qxf4 c4 11. Be2 Nc6 12. c3 b5 13. e4 dxe4 14. Nxe4 Nxe4 15. Qxe4 Ne7 16. Bf3 Nd5 17. a4 a6 18. Qe5 Qd7 19. Rfe1 bxa4 20. Ra2 Rab8 21. Bd1 a3 22. Rxa3 Rxb2 23. Bf3 Rb3 24. Rxa6 Nxc3 25. Qc5 Qb5 26. Rc6 Qxc5 27. Rxc5 Nb1 28. Rxc4 Nd2 29. Bd1 Rxh3 30. gxh3 Nxc4 31. Bb3 Nb6 32. Kg2 Rd8 33. Re4 g6 34. h4 Kg7 35. Kf3 h5 36. Ke3 Rc8 37. Kd3 Kf6 38. Rf4+ Ke7 39. Re4 Rd8 40. Re5 Nd5 41. Bxd5 Rxd5 42. Re1 Ra5 43. Re4 Ra3+ 44. Ke2 Kd6 45. Rf4 f5 46. Kf1 Kd5 47. Kg2 Rd3 48. Kg1 Rxd4 49. Rf3 Rxh4 50. Rd3+ Rd4 51. Re3 e5 52. Ra3 Rg4+ 53. Kh2 Rh4+ 54. Kg3 Rg4+ 55. Kh3 Rc4 56. f3 Kd4 57. Ra6 g5 58. Rg6 g4+ 59. fxg4 hxg4+ 60. Kg3 Ke3 61. Re6 e4 62. Rf6 Rc5 63. Rf8 Rd5 64. Rf7 Ke2 65. Kf4 e3 66. Re7 Kf2 67. Re8 e2 0-1


[Site "https://www.chess.com"]

[Event "Titled Tuesday Blitz January 17 Early 2023"]
[White "Md, Imran"]
[Black "Agasarov, Benik"]
[WhiteFideId "25748580"]
[BlackFideId "13314823"]
[WhiteElo "2284"]
[BlackElo "2235"]
[Result "0-1"]
[Round "08"]
[TimeControl "180+2"]
[Date "2023.01.17"]
[WhiteClock "0:00:08"]
[BlackClock "0:00:07"]

1. d4 Nf6 2. Bf4 d6 3. Nf3 Nbd7 4. Nc3 g6 5. e4 Bg7 6. Qd2 O-O 7. O-O-O c6 8. h4 b5 9. e5 b4 10. Na4 Nd5 11. Bh6 Qa5 12. Bxg7 Qxa4 13. Qh6 f6 14. Ng5 fxg5 15. hxg5 Rxf2 16. Qxh7+ Kf7 17. e6+ Ke8 18. Bd3 Nf8 19. Qh4 Rf4 20. Qh8 Bxe6 21. g3 Rf2 22. Rhf1 Rxf1 23. Rxf1 Kd7 24. Rxf8 Rxf8 25. Qxf8 Qxa2 26. Bxg6 Qa1+ 27. Kd2 Qxb2 28. Qf3 a5 29. Qb3 Qc3+ 30. Qxc3 bxc3+ 31. Kc1 a4 32. Bd3 Nb4 33. Kb1 a3 34. Bh7 a2+ 35. Ka1 Bd5 36. Bh6 e6 37. g6 Nxc2# 0-1


[Site "https://www.chess.com"]

[Event "Titled Tuesday Blitz January 17 Early 2023"]
[White "Martin Duque, Jesus"]
[Black "Alex_Sahakyan2006"]
[WhiteFideId "2208954"]
[WhiteElo "2386"]
[BlackElo "2675"]
[Result "1-0"]
[Round "08"]
[TimeControl "180+2"]
[Date "2023.01.17"]
[WhiteClock "0:00:06"]
[BlackClock "0:00:06"]

1. Nf3 g6 2. d4 Bg7 3. e3 c5 4. dxc5 Qa5+ 5. Nbd2 Qxc5 6. a3 Qc7 7. Be2 Nf6 8. O-O O-O 9. c4 d6 10. Nd4 Nc6 11. b4 e5 12. Nb5 Qe7 13. Bb2 Be6 14. Bf3 Rfd8 15. Qb3 d5 16. Rfd1 Rd7 17. cxd5 Nxd5 18. Nc4 Rad8 19. Qc2 a6 20. Nc3 Ndxb4 21. axb4 Bxc4 22. Rxd7 Rxd7 23. Bxc6 bxc6 24. Ba3 Qd8 25. Na4 Bd3 26. Qc1 e4 27. Nc5 Rd5 28. Bb2 Bf8 29. Bd4 Rxd4 30. exd4 Qxd4 31. Nxa6 Bh6 32. Qd1 e3 33. fxe3 Qxe3+ 34. Kh1 Be4 35. Qd8+ Kg7 36. Nc7 Bg5 37. Ne8+ Kh6 38. Qd1 Qf2 39. Qf1 Qd4 40. Rd1 Qe5 41. Nd6 Bd5 42. Nxf7+ Bxf7 43. Qxf7 Qb2 44. Qf8+ Kh5 45. Qf3+ Kh6 46. Qf8+ Kh5 47. Rf1 1-0


[Site "https://www.chess.com"]

[Event "Titled Tuesday Blitz January 17 Early 2023"]
[White "Arabidze, Meri"]
[Black "Cappai, Davide"]
[WhiteFideId "13604040"]
[BlackFideId "813338"]
[WhiteElo "2441"]
[BlackElo "2140"]
[Result "1-0"]
[Round "08"]
[TimeControl "180+2"]
[Date "2023.01.17"]
[WhiteClock "0:00:29"]
[BlackClock "0:00:10"]

1. d4 c5 2. d5 e5 3. Nc3 d6 4. e4 Be7 5. Be2 Nd7 6. Nf3 a6 7. a4 Ngf6 8. O-O O-O 9. Nd2 Rb8 10. Nc4 Qc7 11. a5 Re8 12. f3 Nf8 13. Nb6 Ng6 14. Be3 h6 15. Qd2 Kh7 16. Rfb1 Nh5 17. b4 cxb4 18. Rxb4 Ngf4 19. Bf1 Bg5 20. Rc4 Qd8 21. Nca4 Qf6 22. Nxc8 Rbxc8 23. Rxc8 Rxc8 24. Nb6 Rc7 25. c4 Ng6 26. Bxg5 hxg5 27. Rc1 Nh4 28. Qf2 Kh6 29. c5 dxc5 30. Rxc5 Rxc5 31. Qxc5 Nf4 32. d6 Nh3+ 33. gxh3 Nxf3+ 34. Kh1 Qf4 35. Qf2 g4 36. hxg4 Qxe4 37. Qg2 Qc6 38. d7 Qc7 39. Qxf3 1-0


[Site "https://www.chess.com"]

[Event "Titled Tuesday Blitz January 17 Early 2023"]
[White "Volkov, Maksim"]
[Black "Ibadov, Dashgyn"]
[WhiteFideId "54123070"]
[BlackFideId "24107514"]
[WhiteElo "2258"]
[BlackElo "2391"]
[Result "1-0"]
[Round "08"]
[TimeControl "180+2"]
[Date "2023.01.17"]
[WhiteClock "0:00:06"]
[BlackClock "0:00:01"]

1. d4 Nf6 2. c4 c5 3. d5 d6 4. Nc3 g6 5. Nf3 Bg7 6. g3 O-O 7. Bg2 e6 8. O-O exd5 9. cxd5 Re8 10. Bf4 Bf5 11. Nh4 Bg4 12. Qd2 b5 13. h3 Bd7 14. Bxd6 b4 15. Nd1 Bxh3 16. Bxc5 Bxg2 17. Nxg2 Qxd5 18. Bxb4 Qxd2 19. Bxd2 Rxe2 20. Bc3 Nd5 21. Bxg7 Kxg7 22. Rc1 Nd7 23. Nge3 Nxe3 24. Nxe3 Rxb2 25. Rc7 Nf6 26. a4 Ra2 27. Rb1 Rxa4 28. Rbb7 Rf8 29. Nc4 Nd5 30. Rc5 Nb6 31. Nd6 Rd4 32. Rc6 Nd5 33. Rxa7 Nb4 34. Rb6 Kg8 35. Nb5 Rd1+ 36. Kg2 Nd5 37. Rd6 Ne3+ 38. fxe3 Rxd6 39. Nxd6 Kg7 40. Kf3 g5 41. Kg4 Kg6 42. e4 h5+ 43. Kf3 Rd8 44. Ra6 f6 45. e5 Rf8 46. e6 1-0


[Site "https://www.chess.com"]

[Event "Titled Tuesday Blitz January 17 Early 2023"]
[White "Pein, Jonathan"]
[Black "Demin, Vladimir"]
[WhiteFideId "417092"]
[BlackFideId "4167457"]
[WhiteElo "2265"]
[BlackElo "2430"]
[Result "1-0"]
[Round "08"]
[TimeControl "180+2"]
[Date "2023.01.17"]
[WhiteClock "0:00:23"]
[BlackClock "0:00:14"]

1. e4 e5 2. Nf3 Nc6 3. Nc3 Nf6 4. g3 d5 5. exd5 Nxd5 6. Bg2 Be6 7. O-O Be7 8. Re1 Nxc3 9. bxc3 Qd6 10. d4 O-O-O 11. Be3 e4 12. Nd2 f5 13. Qb1 Na5 14. Qb5 Qb6 15. a4 Bd7 16. Qe2 Qc6 17. c4 Bb4 18. d5 Qa6 19. Bf1 c6 20. Rab1 Bxd2 21. Qxd2 Nxc4 22. Qb4 cxd5 23. Qc5+ Bc6 24. Bf4 Rd7 25. Rb5 Qxa4 26. Reb1 Na3 27. Qxc6+ Kd8 28. Bg5+ Ke8 29. Qe6+ Kf8 30. Qxd7 Nxb5 31. Qe7+ Kg8 32. Qe8# 1-0


[Site "https://www.chess.com"]

[Event "Titled Tuesday Blitz January 17 Early 2023"]
[White "Subelj, Jan"]
[Black "Ozates, Tuna"]
[WhiteFideId "14618583"]
[BlackFideId "6354521"]
[WhiteElo "2513"]
[BlackElo "2251"]
[Result "1-0"]
[Round "08"]
[TimeControl "180+2"]
[Date "2023.01.17"]
[WhiteClock "0:00:52"]
[BlackClock "0:00:01"]

1. b3 c5 2. Bb2 Nc6 3. g3 d6 4. Bg2 e5 5. Nc3 g6 6. Nd5 Bg7 7. e3 Nge7 8. c4 O-O 9. Ne2 Be6 10. O-O Qd7 11. d4 exd4 12. exd4 Bh3 13. Bxh3 Qxh3 14. Nxe7+ Nxe7 15. Nf4 Qd7 16. Qd2 Rad8 17. Rad1 Qc7 18. Rfe1 Nf5 19. Nd5 Qd7 20. dxc5 dxc5 21. Bxg7 Kxg7 22. Qb2+ Nd4 23. Rxd4 cxd4 24. Qxd4+ f6 25. Qxa7 Rfe8 26. Rd1 Qc6 27. Qd4 Rd6 28. b4 Red8 29. b5 Qd7 30. a4 Re6 31. a5 Rde8 32. Kg2 Qd6 33. c5 Qe5 34. Qxe5 Rxe5 35. a6 bxa6 36. b6 Re2 37. c6 Rb2 38. b7 a5 39. Nc7 1-0


[Site "https://www.chess.com"]